 Dungeon Crawl Stone Soup version 0.21.1-1-g345015f (webtiles) character file.

309 letownia3 the Conjurer (level 6, -3/43 HPs)
             Began as a Demonspawn Wizard on Feb 7, 2018.
             Killed by divine providence
             ... invoked by an orc priest
              (15 damage)
             ... on level 4 of the Dungeon.
             The game lasted 00:06:21 (2578 turns).

letownia3 the Conjurer (Demonspawn Wizard)          Turns: 2578, Time: 00:06:21

Health: -3/43      AC:  2    Str:  9    XL:     6   Next: 17%
Magic:  1/11       EV: 12    Int: 20    God:
Gold:   81         SH:  0    Dex: 11    Spells: 4/11 levels left

rFire    . . .     SeeInvis .   a - +0 rapier
rCold    . . .     Gourm    +   (no shield)
rNeg     . . .     Faith    .   i - +0 robe
rPois    .         Spirit   .   b - +0 hat
rElec    .         Reflect  .   (no cloak)
rCorr    .         Harm     .   (no gloves)
MR       .....                  (no boots)
Stlth    ++........             o - amulet of the gourmand
HPRegen  0.14/turn              (no ring)
MPRegen  0.12/turn              (no ring)

@: very slightly contaminated
A: demonic guardian 1, sturdy frame 2
a: no special abilities


You were on level 4 of the Dungeon.
You were not hungry.

You visited 1 branch of the dungeon, and saw 4 of its levels.

You collected 81 gold pieces.

Inventory:

Hand Weapons
 a - a +0 rapier (weapon)
 g - a +0 dagger
Armour
 b - a +0 hat (worn)
 i - a +0 robe (worn)
 l - a +0 ring mail
 n - a +0 leather armour
Jewellery
 o - an amulet of the gourmand (around neck)
Scrolls
 f - a scroll of identify {unknown}
 h - a scroll of enchant armour {unknown}
 j - 2 scrolls of remove curse {unknown}
 k - a scroll of teleportation {unknown}
 m - a scroll of blinking {unknown}
Potions
 e - a potion of resistance {unknown}
 p - a potion of ambrosia {unknown}
Books
 c - a book of Minor Magic

   Spells                             Type                      Level
   a - Magic Dart                     Conjuration                  1
   b - Blink                          Translocation                2
   c - Call Imp                       Summoning                    2
   d - Slow                           Hexes                        2
   e - Conjure Flame                  Conjuration/Fire             3
   f - Mephitic Cloud                 Conjuration/Poison/Air       3
Comestibles
 d - 6 rations


   Skills:
 * Level 1.4 Fighting
 + Level 0.7 Armour
 + Level 2.1 Dodging
 - Level 1.7 Stealth
 * Level 3.4 Spellcasting
 + Level 4.0 Conjurations
   Level 1.0 Summonings
   Level 0.8 Translocations
 + Level 1.5 Fire Magic
 + Level 1.5 Air Magic
 + Level 1.8 Poison Magic


You had 4 spell levels left.
You knew the following spells:

 Your Spells              Type           Power        Failure   Level  Hunger
a - Magic Dart            Conj           ###.         2%          1    None
c - Conjure Flame         Conj/Fire      ##......     13%         3    ###....
e - Mephitic Cloud        Conj/Pois/Air  ##......     16%         3    ###....


Dungeon Overview and Level Annotations

Branches:
Dungeon (4/15)
 Temple: D:4-7

Altars:
Makhleb
Qazlal


Innate Abilities, Weirdness & Mutations

A weak demonic guardian rushes to your aid.
Your movements are less encumbered by armour. (ER -4)


Message History

Your iron imp completely misses the orc priest.
The orc priest hits your iron imp with a short sword.
Unknown command.
The orc priest hits your iron imp but does no damage.
Your iron imp closely misses the orc priest.
Unknown command.
The orc priest hits your iron imp with a short sword.
Your iron imp closely misses the orc priest.
Unknown command.
The orc priest hits your iron imp but does no damage.
Your iron imp hits the orc priest.
Unknown command.
The orc priest hits your iron imp with a short sword.
Your iron imp hits the orc priest but does no damage.
Unknown command.
The orc priest closely misses your iron imp.
Unknown command.
The orc priest invokes the aid of Beogh against you.
Beogh smites you!
You die...

.....##.#..#
........#..#
.######....##.
..............
.........#.##.
.###.........
# #...........
#o####
#.####....##
#.5.@# #.
.....# ######
# ###$.a ...


You could see an orc priest and a friendly iron imp.

Vanquished Creatures
  A yak (D:4)
  A howler monkey (D:4)
  An orc wizard (D:3)
  A worker ant (D:3)
  3 adders
  An adder zombie (D:4)
  A leopard gecko (D:1)
  4 orcs
  6 giant cockroaches
  2 goblins (D:1)
  2 hobgoblins
  4 jackals
  5 bats
  A frilled lizard (D:4)
  7 kobolds
  2 rats (D:3)
42 creatures vanquished.

Vanquished Creatures (collateral kills)
  An orc priest (D:4)
1 creature vanquished.

Grand Total: 43 creatures vanquished

Notes
Turn   | Place    | Note
-------+----------+-------------------------------------------
     0 | D:1      | letownia3 the Demonspawn Wizard began the quest for the Orb.
     0 | D:1      | Reached XP level 1. HP: 13/13 MP: 4/4
   374 | D:1      | Reached skill level 2 in Conjurations
   376 | D:1      | Gained mutation: Your movements are slightly less encumbered by armour. (ER -2) [demonic ancestry]
   376 | D:1      | Reached XP level 2. HP: 19/19 MP: 1/6
  1002 | D:2      | Reached skill level 3 in Conjurations
  1002 | D:2      | Reached XP level 3. HP: 8/24 MP: 0/7
  1018 | D:2      | Learned a level 3 spell: Mephitic Cloud
  1022 | D:2      | Learned a level 3 spell: Conjure Flame
  1334 | D:3      | Found a burning altar of Makhleb.
  1454 | D:4      | Gained mutation: Your movements are less encumbered by armour. (ER -4) [demonic ancestry]
  1454 | D:4      | Reached XP level 4. HP: 18/30 MP: 0/8
  1569 | D:4      | Reached skill level 1 in Poison Magic
  2082 | D:2      | Reached skill level 1 in Fire Magic
  2123 | D:3      | Reached skill level 1 in Air Magic
  2296 | D:3      | Found a stormy altar of Qazlal.
  2388 | D:4      | Noticed a yak
  2399 | D:4      | Noticed a yak
  2411 | D:4      | Killed a yak
  2411 | D:4      | Reached skill level 1 in Fighting
  2411 | D:4      | Reached XP level 5. HP: 27/37 MP: 5/10
  2411 | D:4      | Gained mutation: A weak demonic guardian rushes to your aid. [demonic ancestry]
  2411 | D:4      | Reached XP level 6. HP: 31/43 MP: 5/11
  2442 | D:3      | Reached skill level 4 in Conjurations
  2578 | D:4      | Killed from afar by an orc priest

Skill      XL: |  1  2  3  4  5  6 |
---------------+-------------------+-----
Conjurations   | 2 3 4 |  4.0
Poison Magic   | 1 |  1.8
Fire Magic     | 1 |  1.5
Air Magic      | 1 |  1.5
Fighting       | 1 |  1.4
Dodging        | 2 |  2.1
Armour         | |  0.7
Stealth        | |  1.7
Spellcasting   | |  3.4
Summonings     | |  1.0
Translocations | |  0.8

Action                   |  1- 3 |  4- 6 || total
-------------------------+-------+-------++-------
Melee: Dagger            |     6 |       ||     6
       Rapier            |     8 |    41 ||    49
 Cast: Magic Dart        |    70 |    25 ||    95
       Mephitic Cloud    |       |     4 ||     4
       Conjure Flame     |       |     1 ||     1
 Stab: Sleeping          |     1 |       ||     1
       Confused          |       |     1 ||     1
  Eat: Chunk             |     1 |     5 ||     6
Armor: Robe              |    15 |     7 ||    22
       Leather armour    |       |     3 ||     3
Dodge: Dodged            |    50 |    39 ||    89
